Map: At Eternity's Edge LE

Players

Lambo - Winner!

  • Race: Zerg Zerg
  • Spawn Location: 11:00

BabyMarine

  • Race: Terran Terran
  • Spawn Location: 5:00

VOD

Have the link to the VOD?

Description

Time

  • Played on: July 4, 2026, 2:39 p.m.
  • Length: 6:48
Show
View Real Time Build Order
Export as new Build Order

Lambo Zerg - Winner!

Build Orders: Hatch First 

Get SALT Encoding   

  8  0:00  Drone  
  9  0:10  Drone  
  10  0:17  Drone  
  11  0:22  Drone  
  12  0:30  Extractor, Drone  
  13  0:37  Overlord  
  13  0:56  Drone x2  
  15  1:10  Hatchery  
  14  1:14  Drone  
  14  1:18  Drone  
  16  1:22  Drone  
  17  1:36  Spawning Pool  
  17  1:38  Drone  
  17  1:41  Extractor  
  17  1:44  Drone  
  17  1:50  Drone  
  18  2:00  Drone  
  19  2:10  Overlord  
  19  2:19  Drone  
  19  2:22  Drone, Queen  
  21  2:28  Queen  
  25  2:30  Zergling x2  
  25  2:33  Drone  
  27  2:40  Drone  
  27  2:42  Drone  
  29  2:50  Overlord  
  29  2:52  Drone  
  29  2:58  Queen  
  31  3:09  Queen  
  31  3:10  Drone x2  
  35  3:14  Overlord  
  35  3:18  Drone  
  37  3:20  Drone  
  37  3:23  Drone  
  38  3:29  Drone  
  38  3:32  Drone x3  
  42  3:38  Lair  
  42  3:42  Evolution Chamber  
  42  3:43  Drone  
  42  3:45  Drone  
  42  3:48  Drone x2  
  44  3:55  Roach Warren  
  44  3:57  Overlord  
  44  4:00  Drone  
  45  4:03  Drone  
  45  4:04  Extractor  
  45  4:05  Extractor  
  45  4:08  Drone x2  
  46  4:10  Zerg Ground Armor Level 1  
  46  4:13  Drone  
  46  4:14  Extractor  
  46  4:16  Drone x2  
  48  4:18  Drone  
  48  4:21  Drone x2  
  48  4:23  Drone  
  52  4:26  Overlord  
  52  4:33  Overlord  
  52  4:35  Roach  
  54  4:38  Glial Reconstitution  
  54  4:39  Roach  
  54  4:42  Overlord  
  54  4:44  Overlord  
  56  4:48  Overseer  
  56  4:49  Roach  
  58  4:53  Roach  
  58  4:54  Overlord  
  58  4:57  Roach  
  62  5:03  Roach x2  
  62  5:07  Roach x2  
  70  5:11  Roach  
  70  5:12  Overlord  
  72  5:15  Roach  
  72  5:17  Overlord  
  74  5:21  Roach  
  74  5:25  Roach x2  
  80  5:31  Roach x2  
  84  5:37  Roach x2  
  84  5:39  Roach  
  84  5:40  Roach  
  92  5:43  Roach  
  92  5:44  Ravager x2  
  92  5:45  Ravager  
  92  5:48  Roach  
  99  5:50  Ravager  
  99  5:54  Overlord, Roach  
  102  5:58  Roach x2  
  102  6:01  Roach  
  108  6:05  Roach  
  108  6:08  Roach  
  108  6:09  Overlord  
  112  6:12  Overlord  
  112  6:18  Roach x2  
  116  6:21  Roach  
  116  6:23  Roach  
Show
View Real Time Build Order
Export as new Build Order

BabyMarine Terran 

Build Orders:  

Get SALT Encoding   

  8  0:00  SCV  
  9  0:12  SCV  
  10  0:24  SCV  
  10  0:27  Supply Depot  
  11  0:36  SCV  
  12  0:48  SCV  
  13  0:54  Barracks  
  13  1:00  SCV  
  14  1:13  Barracks  
  14  1:17  SCV  
  15  1:30  SCV  
  16  1:40  Marine  
  16  1:43  Orbital Command  
  17  1:59  Marine x2  
  19  2:01  Supply Depot  
  19  2:08  SCV  
  20  2:25  Command Center  
  20  2:29  Refinery  
  20  2:32  SCV  
  20  2:34  Marine  
  22  2:38  Marine  
  23  2:47  Barracks  
  23  2:49  SCV  
  24  2:59  Refinery  
  24  3:01  SCV  
  25  3:12  Barracks Reactor  
  25  3:13  SCV  
  26  3:21  Barracks Tech Lab  
  26  3:25  SCV  
  27  3:36  Barracks Tech Lab  
  27  3:37  Orbital Command  
  27  3:38  SCV  
  27  3:39  Marine  
  29  3:50  Marine x2  
  29  3:51  SCV, Supply Depot  
  29  3:54  Combat Shield, Marine  
  33  3:57  Marine  
  34  4:03  SCV x2  
  34  4:09  Factory, Marine  
  36  4:12  Marine  
  36  4:14  Marine  
  36  4:15  SCV  
  40  4:18  SCV  
  40  4:23  Supply Depot  
  41  4:25  Marine  
  41  4:27  Marine  
  41  4:30  SCV  
  44  4:33  SCV, Marine  
  44  4:34  Marine  
  47  4:43  Marine  
  47  4:45  SCV x2, Marine  
  50  4:51  Marine  
  50  4:52  Starport, Factory Reactor  
  52  5:01  Engineering Bay, SCV, Supply Depot  
  52  5:03  SCV  
  52  5:04  Marine  
  55  5:07  Marine x2  
  57  5:14  SCV  
  58  5:23  SCV  
  58  5:24  Marine  
  58  5:25  Marine  
  58  5:26  Marine  
  62  5:33  SCV  
  63  5:38  Barracks Reactor  
  63  5:39  Medivac  
  63  5:40  SCV  
  66  5:43  Refinery  
  66  5:45  Supply Depot  
  66  5:46  Supply Depot  
  66  5:58  Supply Depot  
  66  6:06  Marine x3, SCV  
  66  6:11  SCV  
  74  6:13  Command Center  
  74  6:16  Marine x2  
  74  6:17  Refinery  
  76  6:25  SCV  
Tags
 
Add a new tag
Caveats
  • Supply blocks, unpowered buildings, or Contaminate may cause inaccurate times.
  • Supply counts are checked every 10 seconds.